montu, chaotic male human Wizard %. #*. #) ## ## ##*# # @ Z .. montu the Thaumaturge Experience level: 8 Strength: 25 Dexterity: 17 Constitution: 13 Intelligence: 16 Wisdom: 11 Charisma: 10 Health: 0(85) Energy: 11(71) Def: 11 Gold: 174 Moves: 5318 Dungeon seed: rUWSpLVcKhY-w0X4 Game ID: montu_1709162426 Your Inventory: Coins $ - 174 gold pieces Weapons a - a blessed +1 quarterstaff (weapon in hands) Q - an uncursed +0 dwarvish mattock Armor p - an uncursed +0 pair of jumping boots q - an uncursed +0 cloak of magic resistance (being worn) r - an uncursed +0 dwarvish mithril-coat of aggravate monster (being worn) s - a blessed +1 pair of water walking boots (being worn) t - an uncursed +0 pair of gauntlets of dexterity u - a cursed -1 mummy wrapping z - an uncursed +0 pair of gauntlets of power (being worn) D - an uncursed +0 cloak of invisibility N - an uncursed +0 helmet (being worn) U - an uncursed +0 cloak of protection Y - an uncursed +3 pair of iron shoes of aggravate monster Scrolls R - an uncursed scroll of genocide Potions o - a blessed potion of hallucination F - an uncursed potion of object detection S - an uncursed potion of sleeping X - a cursed potion of full healing Rings k - an uncursed +1 ring of gain constitution Wands i - a blessed wand of striking (0:0) l - an uncursed wand of summoning (0:5) G - an uncursed wand of teleportation (0:8) J - an uncursed wand of striking (0:0) W - an uncursed wand of speed monster (0:0) Tools b - an uncursed sack c - an uncursed leash g - an uncursed skeleton key h - an uncursed blindfold j - an uncursed oil lamp (lit) (0:1048) m - an uncursed tin whistle w - 2 uncursed wax candles (0:400) B - a cursed tallow candle (0:200) C - a cursed oil lamp (0:0) E - an uncursed mirror H - 13 uncursed tallow candles (0:200) K - an uncursed blindfold L - an uncursed mirror M - an uncursed tin whistle O - an uncursed expensive camera (0:63) T - 7 blessed tallow candles (0:200) Z - an uncursed sack Gems e - 2 uncursed worthless pieces of yellowish brown glass n - an uncursed worthless piece of orange glass y - an uncursed worthless piece of green glass V - an uncursed luckstone Contents of the sack: 512 gold pieces an uncursed +0 cloak of magic resistance an uncursed +0 oilskin cloak an uncursed +0 pair of leather gloves a cursed -1 pair of levitation boots 4 uncursed scrolls of blank paper an uncursed scroll of enchant weapon a cursed scroll of enchant weapon an uncursed scroll of magic mapping 2 uncursed scrolls of remove curse an uncursed scroll of taming a cursed scroll of teleportation an uncursed spellbook of summoning a potion of holy water a blessed potion of object detection an uncursed potion of sickness 2 uncursed amethyst stones 2 uncursed diamonds 4 uncursed emeralds an uncursed garnet stone an uncursed jade stone 2 uncursed rubies an uncursed worthless piece of black glass an uncursed worthless piece of blue glass 2 uncursed worthless pieces of green glass 4 uncursed worthless pieces of orange glass 5 uncursed worthless pieces of red glass 3 uncursed worthless pieces of violet glass 2 uncursed worthless pieces of white glass 2 uncursed worthless pieces of yellow glass 2 uncursed worthless pieces of yellowish brown glass Spells and supernatural/magical abilities: Name Level Category Cost Memory a - force bolt 1 attack 8pw 92% c - cause fear 3 enchantment 150pw 92% m - magic missile 2 attack 28pw 92% n - detect monsters 1 divination 12pw 92% v - clairvoyance 3 divination 150pw 96% L - levitation 4 escape 4000pw 96% W - pray for help -- divine ? -- Your skills at the end: Fighting Skills wands [Basic] Weapon Skills quarterstaff [Basic] Spellcasting Skills attack spells [Skilled] enchantment spells [Basic] Final Attributes: You were haltingly aligned. You were magic resistant. You were telepathic. You were visible. You aggravated monsters. You could walk on water. You were lucky. You had extra luck. Bad luck did not time out for you. Good luck did not time out for you. You last prayed 168 turns ago. Anhur was noncommittal. You are dead. Vanquished creatures: a small mimic an ettin mummy a dwarf king a leather golem a crocodile a gnome king 3 dwarf lords a rope golem 2 wood nymphs a rock mole a fog cloud 11 gnome lords 7 gnomish wizards a kobold mummy 2 red naga hatchlings a golden naga hatchling 2 elf zombies a paper golem a little dog 2 floating eyes 2 kittens 15 dwarves a kobold lord 2 kobold shamans a rothe a giant bat 2 dwarf zombies an iguana 2 coyotes 4 hobbits 2 hobgoblins 2 giant rats 2 cave spiders 2 brown molds 2 yellow molds a red mold 52 gnomes 6 garter snakes 3 gnome zombies a gecko 3 jackals a fox 7 goblins 3 sewer rats 8 grid bugs 5 lichens 2 kobold zombies 7 newts 182 creatures vanquished. Voluntary challenges: You used a wielded weapon 147 times, starting on turn 301. You read items or engraved 32 times, starting on turn 2407. You never genocided any monsters. You never polymorphed an object. You never changed form. You used no wishes. You never split a pudding. You wrote Elbereth's name 9 times, starting on turn 2426. You violated your moral code, losing 40 points of alignment, starting on turn 5161. Dungeon overview: The Dungeons of Doom: levels 1 to 5 Level 1 an altar to Thoth, a sink a long staircase Level 2 an armor shop stairs to The Gnomish Mines Level 3 Level 4 Level 5 The Gnomish Mines: levels 3 to 10 Level 3 stairs to The Dungeons of Doom Level 4 Level 5 Level 7 Level 8 Level 9 Level 10 <- You were here History has recorded: On T:1 you entered the Dungeons of Doom to retrieve the Amulet of Yendor! On T:372 you reached level 2 of The Dungeons of Doom. On T:727 you advanced to experience level 2. On T:961 you advanced to experience level 3. On T:1059 you advanced to experience level 4. On T:1386 you reached level 3 of The Dungeons of Doom. On T:1599 you reached level 4 of The Dungeons of Doom. On T:2329 you advanced to experience level 5. On T:2425 you reached level 5 of The Dungeons of Doom. On T:2863 you reached level 1 of The Gnomish Mines. On T:2914 you advanced to experience level 6. On T:3365 you reached level 2 of The Gnomish Mines. On T:3837 you advanced to experience level 7. On T:3972 you reached level 3 of The Gnomish Mines. On T:4376 you reached level 5 of The Gnomish Mines. On T:4621 you reached level 7 of The Gnomish Mines. On T:5086 you reached level 6 of The Gnomish Mines. On T:5118 you advanced to experience level 8. On T:5188 you reached level 8 of The Gnomish Mines. Score breakdown: Gold: 686 ( 9650 points) Experience: 8 levels (14739 points) Exploration: 10 levels ( 20.41%) (12990 points) Discoveries: 16 items ( 5.37%) ( 6951 points) Valuables value: (no points given unless you survive) Artifact value: 0 ( 0 points) Variety of kills: 48 monsters ( 12.63%) (10662 points) Turncount: 5318 turns (-1445 points) Survival: died (score multiplied by 80%) Total score: 42837 Latest messages: The magic missile bounces! The ettin zombie misses. The ettin zombie hits! Your zombification disease builds up. [2 turns] You hit the ettin zombie! The ettin zombie hits! Your zombification disease builds up. Wizard needs food, badly! The force bolt misses the ettin zombie. The ettin zombie misses. The force bolt hits the ettin zombie! The ettin zombie hits! Your zombification disease builds up. The ettin zombie hits! Your zombification disease builds up. You die... The sack is empty. Final status: Goodbye montu the Wizard, killed by an ettin zombie... You died in The Gnomish Mines on dungeon level 10 with 42837 points, and 686 pieces of gold, after 5318 moves. You were level 8 with a maximum of 85 hit points when you died.